 Dungeon Crawl Stone Soup version 0.29-a0-670-g5ff2a30383 (console) character file.

Game seed: 14121461117622181312

16 Chek the Grave Robber (level 2, -1/19 HPs)
             Began as a Mummy Necromancer on June 24, 2022.
             Slain by a worm (4 damage)
             ... on level 1 of the Dungeon.
             The game lasted 00:03:42 (953 turns).

Chek the Grave Robber (Mummy Necromancer)            Turns: 953, Time: 00:03:42

Health: -1/19      AC:  2    Str: 11    XL:     2   Next: 41%
Magic:  1/7        EV: 12    Int: 14    God:
Gold:   107        SH:  0    Dex: 12    Spells: 8/9 levels left

rFire   x . .      SeeInvis .   d - +0 dagger
rCold   + . .      Faith    .   (no shield)
rNeg    + + +      Spirit   .   a - +0 robe
rPois   ∞          Reflect  .   (no helmet)
rElec   .          Harm     .   (no cloak)
rCorr   .          Rampage  .   (no gloves)
Will    .....                   (no boots)
Stlth   ++........              (no amulet)
HPRegen 0.06/turn               (no ring)
MPRegen 0.10/turn               (no ring)

@: no status effects
A: cold resistance 1, negative energy resistance 3, torment resistance 2, heat
vulnerability 1, no potions
a: no special abilities


You were on level 1 of the Dungeon.
You visited 1 branch of the dungeon, and saw 2 of its levels.

You collected 107 gold pieces.

Inventory:

Hand Weapons
 d - a +0 dagger (weapon)
Armour
 a - a +0 robe (worn)
Jewellery
 b - a +4 ring of slaying
Scrolls
 c - 3 scrolls of identify {unknown}
 e - a scroll of teleportation {unknown}
 f - a scroll of brand weapon {unknown}
 g - a scroll of noise {unknown}


   Skills:
 - Level 1.5 Dodging
 - Level 1.5 Stealth
 + Level 4.0 Spellcasting
 - Level 4.0 Necromancy


You had 8 spell levels left.
You knew the following spells:

 Your Spells              Type           Power      Damage    Failure   Level
a - Necrotize             Necr           56%        1d6       3%          1

Your spell library contained the following spells:

 Spells                   Type           Power      Damage    Failure   Level
 Vampiric Draining        Necr           14%        2d7       11%         3
 Animate Dead             Necr           14%        N/A       36%         4
 Agony                    Necr           14%        N/A       71%         5


Dungeon Overview and Level Annotations

Branches:
Dungeon (2/15)

Altars:


Innate Abilities, Weirdness & Mutations

You are immune to poison.
Your flesh is cold resistant. (rC+)
You are immune to negative energy. (rN+++)
You are immune to unholy pain and torment.
You are vulnerable to heat. (rF-)
You do not drink.


Message History

The worm writhes in agony.
The worm barely misses you.
You barely miss the worm.
The worm is severely wounded.
The worm bites you but does no damage.
You hit the worm.
The worm is severely wounded.
You hit the worm but do no damage.
The worm is severely wounded.
The worm bites you.
* * * LOW HITPOINT WARNING * * *
You hit the worm.
The worm is almost dead.
Aiming: Necrotize (safe; 3% risk of failure)
Press: ? - help, Q - select action Shift-Dir - straight line, f/p - worm
Aim: a worm (severely wounded, chance to affect: 78%)
The worm writhes in agony.
You open the door.
Found a stone staircase leading up.
There is an open door here.
Aiming: Necrotize (safe; 3% risk of failure)
Press: ? - help, Q - select action Shift-Dir - straight line, f - you, p - worm That beam is likely to hit you.
Continue anyway?
Okay, then.
Aiming: Necrotize (safe; 3% risk of failure)
Press: ? - help, Q - select action Shift-Dir - straight line, f - worm
Aim: a worm (moderately wounded, chance to affect: 78%)
The worm barely resists.
Aiming: Necrotize (safe; 3% risk of failure)
Press: ? - help, Q - select action Shift-Dir - straight line, f/p - worm
Aim: a worm (moderately wounded, chance to affect: 78%)
The worm writhes in agony.
A quokka comes into view.
You see here 15 gold pieces.
You now have 107 gold pieces (gained 15).
There is a stone staircase leading up here.
You climb upwards.
There is a stone staircase leading down here.
The worm bites you.
You die...

###.......####
#.# ##.....##
######.#
##...##
#...[..# ##.##
#.###### #.#
#.# #.# #.#
#.# ###.#
#w### #...#
#>@.# #.###
###.# #.# #.#
#.# #.# #.####
#.# #....# #.#
####.# #.# #.#
#.# #.#
#.#########.#


You could see a worm.

Vanquished Creatures
  A worm (D:2)
  2 ball pythons (D:1)
  An endoplasm (D:1)
  A goblin (D:1)
  A hobgoblin (D:1)
  A kobold (D:1)
  2 bats (D:1)
  A frilled lizard (D:1)
  2 rats (D:1)
12 creatures vanquished.

Vanquished Creatures (collateral kills)
  An endoplasm (D:1)
1 creature vanquished.

Vanquished Creatures (others)
  4 plants (D:1)
4 creatures vanquished.

Grand Total: 17 creatures vanquished

Notes
Turn   | Place    | Note
-------+----------+-------------------------------------------
     0 | D:1      | Chek the Mummy Necromancer began the quest for the Orb.
     0 | D:1      | Reached XP level 1. HP: 13/13 MP: 4/4
   434 | D:1      | Found a faded altar of an unknown god.
   454 | D:1      | Reached XP level 2. HP: 19/19 MP: 4/6
   953 | D:1      | Slain by a worm

Illustrated notes

Levels and vault maps discovered:
D:1:      dpeg_arrival_oval, layout_loops_ring, ebering_ecumenical_altar_webs,
          serial_bayou_pond_c
D:2:      layout_loops_corners, basic_altar

Skill      XL: |  1  2 |
---------------+-------+-----
Spellcasting   | 3 4 |  4.0
Dodging        | |  1.5
Stealth        | |  1.5
Necromancy     | |  4.0

Action                   || total
-------------------------++-------
Melee: Dagger            ||     7
 Cast: Necrotize         ||    36
Armor: Robe              ||     1
Dodge: Dodged            ||     2

Table legend: (Time is in decaauts)
 A = Elapsed time spent in this place.
 B = Non-inter-level travel time spent in this place.
 C = Inter-level travel time spent in this place.
 D = Time resting spent in this place.
 E = Time spent auto-exploring this place.
 F = Levels seen in this place.
 G = Mean time per level.
                   A        B        C        D        E       F      G
               +--------+--------+--------+--------+--------+-----+--------+
         Total |    958 |    898 |     60 |     95 |    619 |   2 |  479.0 |
       Dungeon |    958 |    898 |     60 |     95 |    619 |   2 |  479.0 |
               +--------+--------+--------+--------+--------+-----+--------+

Top non-repeatable levels by time:
     D:1: 817 daAuts
     D:2: 141 daAuts
